Map: Doraelus Hills

Players

BinMerda

  • Race: Zerg Zerg

Spawn

  • Race: Zerg Zerg

PJOTA

  • Race: Protoss Protoss

JohnMcClane - Winner!

  • Race: Protoss Protoss
  • League: Silver

JackONeill - Winner!

  • Race: Zerg Zerg

Hindulaatti - Winner!

  • Race: Terran Terran
  • League: Diamond

VOD

Have the link to the VOD?

Description

Time

  • Played on: Jan. 18, 2016, 12:57 p.m.
  • Length: 15:45
Show
View Real Time Build Order
Export as new Build Order

BinMerda Zerg 

Build Orders: Hatch First, Muta Ling Bane 

Get SALT Encoding   

  12  0:03  Drone  
  13  0:10  Drone  
  14  0:17  Overlord  
  14  0:23  Extractor  
  14  0:25  Drone  
  14  0:44  Drone  
  14  0:45  Drone  
  14  0:48  Drone  
  17  1:11  Hatchery  
  17  1:13  Drone x2  
  18  1:19  Drone  
  19  1:30  Drone  
  20  1:38  Spawning Pool  
  19  2:21  Drone  
  19  2:22  Drone x2  
  22  2:26  Queen  
  22  2:48  Zergling x10  
  27  2:57  Spore Crawler  
  26  3:02  Zergling x4  
  28  3:06  Metabolic Boost  
  28  3:15  Overlord  
  28  3:33  Overlord  
  28  3:36  Zergling x4  
  28  3:39  Drone x2  
  32  3:42  Zergling x2  
  32  3:44  Drone x3  
  36  3:54  Drone  
  37  4:04  Drone  
  37  4:05  Drone  
  39  4:13  Baneling Nest, Extractor  
  39  4:17  Drone x2  
  39  4:19  Overlord  
  39  4:21  Drone x2  
  41  4:34  Drone x2  
  41  4:37  Extractor  
  42  4:39  Extractor  
  42  4:42  Drone, Hatchery  
  42  4:44  Drone  
  42  4:47  Lair, Spore Crawler  
  42  4:48  Drone  
  42  4:51  Drone  
  44  5:14  Drone x3  
  45  5:28  Drone  
  46  5:29  Drone  
  47  5:41  Drone  
  48  5:48  Drone  
  49  6:00  Drone  
  49  6:02  Spire  
  49  6:08  Drone x2  
  51  6:16  Spore Crawler  
  50  6:20  Overlord x2  
  50  6:22  Drone  
  51  6:30  Drone x2  
  53  6:33  Drone  
  53  6:39  Centrifical Hooks  
  54  6:47  Spore Crawler  
  53  6:49  Drone, Spine Crawler  
  53  6:52  Drone x2  
  53  6:53  Drone  
  56  7:01  Hatchery  
  56  7:04  Drone  
  56  7:12  Spore Crawler  
  55  7:19  Drone x3  
  57  7:27  Mutalisk x2  
  57  7:28  Hatchery  
  60  7:35  Overlord  
  60  7:40  Mutalisk  
  62  7:47  Overlord x2  
  62  8:02  Mutalisk x2  
  66  8:08  Mutalisk x2  
  70  8:17  Overseer  
  70  8:20  Pneumatized Carapace  
  68  8:33  Mutalisk x6  
  80  8:56  Mutalisk x4  
  88  9:05  Mutalisk  
  90  9:16  Mutalisk  
  90  9:17  Mutalisk  
  90  9:19  Drone x2  
  90  9:20  Drone x3  
  90  9:23  Extractor  
  98  9:25  Extractor  
  88  9:46  Mutalisk  
  88  9:47  Mutalisk  
  88  9:50  Drone  
  88  9:51  Drone x3  
  88  9:52  Baneling x2  
  96  9:53  Baneling x3  
  96  10:01  Drone  
  96  10:05  Drone x4  
  100  10:07  Drone  
  92  10:32  Mutalisk x4  
  83  10:45  Extractor  
  83  10:46  Zergling x4  
  83  10:47  Zergling x8  
  88  11:03  Zergling x2  
  88  11:04  Zergling x8  
  91  11:19  Corruptor  
  91  11:20  Corruptor  
  91  11:22  Overlord x2  
  62  11:58  Zergling x6  
  62  11:59  Zergling x4  
  66  12:06  Drone x2  
  68  12:15  Mutalisk x3  
  68  12:20  Zergling x6  
  68  12:21  Zergling x2  
  78  12:23  Drone  
  78  12:33  Corruptor x3  
  84  12:48  Corruptor  
  82  12:52  Corruptor x3  
  82  12:53  Corruptor x2  
  78  13:43  Zergling x10  
  78  13:44  Zergling x8  
  87  13:57  Zergling x6  
  90  14:07  Baneling x5  
  90  14:08  Baneling x9  
  90  14:09  Baneling x4  
  90  14:18  Hatchery  
  90  14:23  Zergling x10  
  94  14:25  Drone x2  
  94  14:30  Corruptor  
  94  14:31  Corruptor x3  
  98  14:33  Overlord x2  
  98  14:34  Overlord x4  
  103  14:48  Overlord x3  
  100  14:54  Corruptor  
  100  14:55  Corruptor x3  
  108  15:00  Zergling x2  
  108  15:01  Zergling x2  
Show
View Real Time Build Order
Export as new Build Order

Spawn Zerg 

Build Orders: Hatch First, Lurkers 

Get SALT Encoding   

  12  0:02  Drone  
  13  0:09  Drone  
  14  0:15  Extractor  
  14  0:18  Drone, Extractor  
  13  0:22  Drone  
  16  0:29  Overlord  
  16  0:49  Drone x2  
  18  1:04  Drone  
  19  1:06  Extractor  
  19  1:08  Drone  
  19  1:10  Hatchery  
  18  1:21  Spawning Pool  
  17  1:26  Drone  
  17  1:31  Drone, Extractor  
  18  2:09  Zergling x6  
  18  2:15  Lair  
  21  2:16  Roach Warren  
  18  2:48  Drone x3  
  20  3:04  Drone  
  21  3:09  Queen  
  21  3:10  Drone x2  
  21  3:11  Drone  
  26  3:15  Overlord  
  26  3:27  Drone  
  27  3:38  Drone x2  
  29  3:44  Drone, Extractor  
  29  3:45  Extractor  
  28  3:50  Hatchery  
  28  3:55  Drone  
  28  4:04  Drone x2  
  28  4:05  Drone  
  28  4:08  Queen  
  33  4:14  Spore Crawler  
  32  4:17  Overseer  
  32  4:18  Overseer  
  32  4:20  Drone  
  32  4:21  Drone x2  
  32  4:22  Overlord  
  32  4:24  Spore Crawler  
  34  4:27  Drone  
  35  4:41  Drone x3  
  38  4:52  Drone x2  
  40  4:53  Drone  
  41  5:00  Queen  
  41  5:03  Drone  
  44  5:09  Queen  
  44  5:12  Roach  
  44  5:13  Glial Reconstitution  
  48  5:15  Overlord  
  48  5:20  Drone  
  49  5:22  Overlord  
  49  5:32  Hydralisk Den  
  48  5:36  Hatchery  
  48  5:39  Evolution Chamber  
  48  5:40  Roach x4  
  48  5:42  Evolution Chamber  
  53  5:43  Drone x2  
  53  5:44  Drone  
  53  5:48  Drone x2  
  53  5:49  Drone  
  59  6:00  Drone  
  60  6:07  Infestation Pit  
  60  6:08  Roach x3  
  63  6:17  Spore Crawler  
  63  6:18  Drone x2  
  63  6:21  Extractor  
  63  6:25  Drone x3  
  64  6:26  Overlord x3  
  64  6:32  Extractor  
  64  6:40  Muscular Augments  
  64  6:42  Zerg Ground Armor Level 1, Zerg Missile Weapons Level 1  
  64  6:47  Drone x3  
  64  6:48  Drone  
  68  7:00  Drone x3  
  68  7:01  Drone x3  
  74  7:19  Roach x2  
  74  7:20  Roach x4  
  74  7:21  Overlord  
  86  7:24  Overlord x2  
  86  7:45  Overlord x3  
  83  8:10  Drone x3  
  79  8:20  Spore Crawler  
  79  8:21  Spore Crawler  
  77  8:30  Queen  
  77  8:33  Spore Crawler  
  78  8:40  Hydralisk x6  
  78  8:41  Hydralisk x7  
  87  8:42  Hydralisk x4  
  108  9:05  Queen  
  104  9:12  Hydralisk x4  
  104  9:13  Hydralisk x3  
  117  9:42  Roach x2  
  117  9:43  Roach x3  
  127  10:06  Lurker Den  
  127  10:15  Overlord x3  
  125  10:41  Roach  
  125  10:42  Roach x6  
  135  10:43  Roach x4  
  137  11:16  Hydralisk  
  137  11:17  Hydralisk x6  
  151  11:23  Overlord  
  129  12:08  Hydralisk x2, Roach x5  
  129  12:09  Hydralisk x2, Roach  
  131  12:43  Hydralisk x6  
  127  13:15  Hydralisk x2  
  127  13:16  Hydralisk x3  
  67  13:47  Lurker x3  
  67  13:48  Lurker x6  
  76  14:01  Drone x2  
  76  14:02  Drone x4  
  81  14:33  Extractor  
  80  15:03  Hydralisk x2  
  80  15:04  Hydralisk x7  
  80  15:05  Hydralisk x3  
Show
View Real Time Build Order
Export as new Build Order

PJOTA Protoss 

Build Orders:  

Get SALT Encoding   

  12  0:08  Pylon  
  12  0:17  Probe (Chrono Boost)  
  13  0:28  Gateway  
  13  0:37  Assimilator  
  13  0:41  Probe (Chrono Boost)  
  14  0:55  Probe (Chrono Boost)  
  15  0:57  Assimilator  
  14  1:06  Probe (Chrono Boost)  
  15  1:17  Cybernetics Core  
  15  1:20  Probe (Chrono Boost)  
  16  1:30  Probe (Chrono Boost)  
  19  2:23  Mothership Core (Chrono Boost)  
  17  2:40  Pylon  
  17  2:53  Probe (Chrono Boost)  
  18  3:04  Probe (Chrono Boost)  
  19  3:15  Probe (Chrono Boost)  
  20  3:25  Stargate, Probe (Chrono Boost)  
  21  3:36  Probe (Chrono Boost)  
  22  3:46  Probe (Chrono Boost)  
  23  4:10  Oracle (Chrono Boost)  
  23  4:14  Nexus  
  23  4:17  Probe  
  27  4:35  Probe  
  28  4:40  Pylon  
  28  4:44  Assimilator  
  28  4:47  Probe  
  29  4:59  Probe  
  30  5:11  Probe  
  31  5:24  Probe x2  
  33  5:35  Probe  
  33  5:42  Void Ray (Chrono Boost)  
  38  5:44  Probe  
  38  5:45  Probe  
  40  5:50  Assimilator  
  40  5:55  Pylon  
  40  5:56  Probe  
  40  5:58  Probe  
  42  6:06  Probe  
  42  6:09  Protoss Air Weapons Level 1 (Chrono Boost)  
  42  6:10  Probe  
  44  6:16  Pylon  
  44  6:17  Probe  
  41  6:20  Void Ray  
  46  6:27  Probe  
  46  6:29  Forge  
  47  6:38  Probe  
  48  6:48  Probe  
  48  6:50  Probe  
  50  6:59  Probe  
  49  7:02  Void Ray  
  50  7:10  Probe, Photon Cannon  
  48  7:20  Probe  
  48  7:22  Probe  
  49  7:31  Probe  
  49  7:35  Photon Cannon  
  50  7:41  Probe  
  51  7:45  Void Ray  
  51  7:49  Photon Cannon  
  51  7:51  Protoss Air Armor Level 1 (Chrono Boost)  
  55  7:52  Probe  
  55  8:02  Probe  
  56  8:13  Probe  
  57  8:23  Probe  
  58  8:34  Probe  
  51  8:50  Phoenix  
  51  8:55  Stargate  
  53  8:58  Photon Cannon  
  53  9:14  Phoenix  
  55  9:18  Pylon  
  51  9:34  Pylon  
  31  9:50  Void Ray x2  
  35  9:53  Pylon  
  35  9:54  Probe  
  36  10:02  Probe  
  37  10:13  Probe  
  38  10:24  Probe  
  39  10:32  Void Ray  
  39  10:33  Void Ray  
  39  10:34  Probe  
  48  10:45  Probe  
  49  10:51  Pylon  
  49  10:55  Probe  
  50  11:03  Nexus  
  50  11:06  Probe  
  51  11:15  Void Ray, Phoenix  
  57  11:25  Pylon  
  57  11:32  Assimilator  
  57  11:34  Assimilator  
  57  11:40  Phoenix  
  43  11:58  Phoenix  
  45  12:05  Phoenix  
  43  12:09  Photon Cannon  
  43  12:11  Photon Cannon  
  42  12:23  Phoenix  
  42  12:25  Pylon  
  42  12:27  Pylon  
  42  12:30  Phoenix  
  41  12:46  Pylon  
  41  12:48  Phoenix  
  42  13:00  Probe  
  43  13:08  Void Ray  
  43  13:11  Probe  
  48  13:21  Probe x2  
  50  13:32  Probe x2  
  52  13:42  Probe  
  47  14:03  Void Ray x2  
  47  14:09  Probe  
  52  14:12  Pylon  
  53  14:19  Probe  
  54  14:30  Probe  
  55  14:39  Photon Cannon  
  55  14:40  Probe  
  55  14:41  Photon Cannon  
  55  14:43  Photon Cannon  
  56  14:46  Void Ray  
  56  14:51  Probe  
  61  14:53  Robotics Facility  
  53  15:25  Photon Cannon  
  53  15:26  Probe, Photon Cannon  
Show
View Real Time Build Order
Export as new Build Order

JohnMcClane Protoss - Winner!

Build Orders:  

Get SALT Encoding   

  12  0:01  Probe (Chrono Boost)  
  13  0:11  Probe (Chrono Boost)  
  14  0:18  Pylon  
  14  0:25  Probe (Chrono Boost)  
  15  0:38  Probe (Chrono Boost)  
  15  0:41  Forge  
  16  0:48  Probe (Chrono Boost)  
  17  0:59  Probe (Chrono Boost)  
  18  1:18  Probe (Chrono Boost)  
  19  1:28  Probe (Chrono Boost)  
  19  1:29  Pylon  
  19  1:31  Pylon  
  20  1:37  Pylon  
  20  1:38  Pylon  
  20  1:42  Pylon  
  20  1:44  Pylon  
  20  1:52  Pylon  
  20  1:54  Pylon  
  20  1:58  Photon Cannon  
  20  2:00  Photon Cannon  
  20  2:03  Probe (Chrono Boost)  
  21  2:13  Probe (Chrono Boost)  
  21  2:21  Gateway  
  21  2:24  Probe (Chrono Boost)  
  22  2:30  Pylon  
  22  2:32  Photon Cannon  
  22  2:34  Probe (Chrono Boost)  
  22  2:45  Probe (Chrono Boost)  
  22  2:51  Pylon  
  23  2:55  Assimilator, Pylon  
  23  3:01  Probe (Chrono Boost)  
  23  3:03  Assimilator  
  24  3:11  Photon Cannon  
  24  3:13  Cybernetics Core  
  24  3:18  Photon Cannon  
  24  3:35  Gateway  
  24  3:53  Nexus  
  24  3:59  Mothership Core (Chrono Boost)  
  26  4:03  Warp Gate  
  26  4:17  Probe (Chrono Boost)  
  27  4:26  Pylon  
  27  4:27  Stargate  
  27  4:28  Assimilator  
  28  4:38  Probe (Chrono Boost)  
  28  4:40  Gateway  
  28  4:44  Pylon  
  28  4:50  Probe (Chrono Boost)  
  29  5:02  Probe (Chrono Boost)  
  30  5:11  Photon Cannon  
  30  5:12  Probe (Chrono Boost)  
  31  5:17  Oracle  
  34  5:24  Probe (Chrono Boost)  
  34  5:25  Probe (Chrono Boost)  
  37  5:35  Probe (Chrono Boost)  
  37  5:43  Probe (Chrono Boost)  
  37  5:48  Gateway  
  38  5:52  Probe (Chrono Boost)  
  38  5:53  Assimilator, Oracle  
  42  5:58  Probe (Chrono Boost)  
  43  6:18  Probe (Chrono Boost)  
  41  6:21  Probe (Chrono Boost)  
  42  6:29  Probe (Chrono Boost)  
  42  6:31  Probe (Chrono Boost)  
  44  6:42  Probe (Chrono Boost)  
  44  6:43  Stalker x3  
  44  6:44  Protoss Ground Armor Level 1  
  51  6:52  Oracle  
  54  7:09  Probe x2 (Chrono Boost)  
  56  7:20  Probe (Chrono Boost)  
  57  7:28  Oracle  
  60  7:32  Stalker x3  
  66  7:37  Twilight Council  
  66  7:40  Gateway  
  66  7:44  Forge  
  66  7:45  Pylon  
  66  7:49  Gateway  
  63  8:14  Blink  
  63  8:29  Protoss Ground Weapons Level 1 (Chrono Boost)  
  63  8:34  Nexus  
  63  8:35  Pylon  
  63  8:49  Pylon  
  63  8:52  Assimilator  
  63  8:55  Gateway x2  
  63  9:01  Photon Cannon  
  63  9:04  Stalker x2, Gateway  
  63  9:05  Stalker x3  
  63  9:08  Assimilator, Protoss Ground Armor Level 2 (Chrono Boost)  
  73  9:11  Pylon  
  73  9:20  Pylon  
  73  9:37  Photon Cannon  
  74  9:38  Probe x2  
  74  9:39  Photon Cannon  
  75  9:50  Probe x2  
  77  9:54  Stalker x2  
  77  9:55  Stalker x3  
  87  10:02  Probe  
  88  10:35  Photon Cannon  
  88  10:37  Photon Cannon  
  88  10:39  Stalker x3, Photon Cannon  
  88  10:40  Pylon, Stalker x2  
  98  10:54  Pylon  
  98  11:16  Stalker  
  98  11:17  Stalker x6  
  112  11:21  Protoss Ground Armor Level 3 (Chrono Boost)  
  112  11:27  Probe  
  109  12:09  Stalker x2  
  109  12:10  Stalker x6  
  108  12:38  Stalker x3  
  108  12:39  Stalker x6  
  126  13:06  Stalker  
  126  13:07  Stalker x2  
  132  13:16  Pylon  
  132  13:17  Pylon  
  132  13:18  Pylon  
  132  13:19  Pylon  
  132  13:20  Templar Archives  
  127  14:00  High Templar x5  
  127  14:01  High Templar x4  
  145  14:05  Archon  
  145  14:06  Archon x3  
  145  14:14  Psionic Storm  
  145  14:15  Nexus  
  145  14:17  Pylon  
  145  14:18  Pylon  
  145  14:21  Assimilator  
  145  14:23  Assimilator  
  145  14:27  Pylon  
  145  14:28  Pylon  
  145  14:29  Pylon  
  145  14:31  Pylon  
  145  14:34  Pylon  
  145  14:52  High Templar x2  
  145  14:53  High Templar x6  
  145  14:56  Archon  
  145  14:57  Archon x2  
  145  14:58  Archon  
  129  15:32  Stalker x7  
  129  15:33  Stalker x2  
Show
View Real Time Build Order
Export as new Build Order

JackONeill Zerg - Winner!

Build Orders: 3 Hatch before Pool, Muta Ling Bane 

Get SALT Encoding   

  12  0:01  Drone  
  13  0:08  Drone  
  14  0:16  Overlord  
  14  0:23  Drone, Extractor  
  15  0:36  Drone x2  
  17  0:52  Hatchery  
  17  0:55  Drone  
  17  0:58  Drone  
  18  1:22  Drone  
  18  1:23  Hatchery  
  18  1:36  Spawning Pool  
  18  1:37  Drone  
  18  1:40  Drone  
  18  1:44  Drone  
  20  1:49  Overlord  
  20  2:03  Drone  
  21  2:11  Drone  
  21  2:12  Drone  
  23  2:16  Drone  
  24  2:23  Queen  
  24  2:24  Queen  
  24  2:27  Drone x2  
  30  2:31  Extractor  
  30  2:32  Extractor  
  30  2:36  Queen  
  30  2:41  Drone  
  30  2:42  Drone  
  32  2:46  Overlord  
  32  2:52  Drone x2  
  32  2:57  Drone x2  
  36  3:05  Zergling x6  
  39  3:11  Drone  
  39  3:12  Drone  
  41  3:19  Metabolic Boost  
  41  3:21  Drone x2  
  41  3:25  Overlord  
  43  3:28  Drone  
  43  3:32  Extractor  
  43  3:33  Extractor  
  42  3:35  Drone x3  
  42  3:40  Lair  
  45  3:48  Drone x3  
  48  4:02  Baneling Nest  
  47  4:09  Drone, Extractor  
  47  4:10  Drone x3  
  47  4:15  Overlord  
  47  4:16  Overlord x2  
  50  4:19  Spore Crawler  
  49  4:26  Drone  
  50  4:32  Overlord  
  50  4:33  Overlord  
  50  4:36  Drone x2, Spore Crawler  
  51  4:42  Evolution Chamber  
  50  4:53  Drone x4  
  50  4:54  Drone x2  
  50  4:55  Drone  
  50  4:56  Drone x2  
  59  5:03  Drone x2  
  59  5:04  Drone x2  
  63  5:16  Spore Crawler  
  62  5:22  Zerg Ground Armor Level 1, Spire  
  61  5:32  Extractor  
  61  5:35  Zergling x10  
  64  5:36  Zergling x6  
  64  5:37  Infestation Pit  
  64  5:42  Evolution Chamber  
  66  5:45  Baneling Nest  
  66  5:46  Overlord  
  65  5:52  Drone x3  
  65  5:53  Drone  
  65  5:55  Drone x3  
  72  6:00  Drone x2  
  74  6:04  Drone x3  
  74  6:09  Zerg Melee Weapons Level 1  
  77  6:19  Overlord x4  
  77  6:24  Overlord x2  
  77  6:39  Zerg Flyer Weapons Level 1  
  77  6:40  Mutalisk  
  77  6:41  Mutalisk x5  
  89  6:50  Hive  
  89  6:51  Pathogen Glands  
  89  6:55  Overlord x2  
  89  7:03  Centrifical Hooks  
  89  7:06  Mutalisk  
  89  7:07  Mutalisk x2  
  95  7:17  Overlord  
  95  7:18  Overlord x2  
  95  7:24  Drone x3  
  98  7:44  Mutalisk x4  
  98  7:45  Mutalisk x4  
  98  7:50  Hatchery  
  107  8:27  Mutalisk x2  
  107  8:28  Mutalisk x2  
  113  8:46  Mutalisk  
  113  8:47  Mutalisk x2  
  111  8:52  Mutalisk  
  111  8:53  Mutalisk x4  
  119  8:55  Zerg Flyer Armor Level 1  
  113  9:14  Mutalisk x5  
  113  9:16  Queen  
  120  9:17  Drone x2  
  120  9:18  Drone x2  
  124  9:41  Viper  
  124  9:42  Viper  
  130  9:47  Overlord x3  
  130  9:50  Drone x2  
  130  9:51  Drone  
  133  9:57  Extractor  
  133  9:58  Drone x3, Extractor  
  133  9:59  Drone x3  
  137  10:01  Drone x2  
  137  10:07  Mutalisk  
  141  10:16  Viper  
  138  10:33  Viper x2  
  144  10:39  Mutalisk  
  144  10:40  Overlord x2  
  144  10:41  Overlord x2  
  146  10:49  Zerg Flyer Weapons Level 2  
  146  11:08  Viper x3  
  146  11:10  Queen  
  151  12:06  Viper  
  151  12:07  Viper x3  
  151  12:08  Mutalisk x2  
  163  12:26  Mutalisk x4  
  171  13:02  Mutalisk x5  
  171  13:03  Mutalisk x3  
  171  13:05  Zerg Flyer Armor Level 2  
  152  13:22  Mutalisk x4  
  160  13:43  Mutalisk x3  
  160  13:44  Mutalisk x3  
  172  14:07  Corruptor x3  
  172  14:08  Corruptor x7  
  192  14:22  Spore Crawler  
  192  14:23  Spore Crawler x2  
  189  14:25  Spore Crawler  
  188  14:42  Mutalisk x5  
  198  14:58  Mutalisk  
  196  15:15  Corruptor x2  
  200  15:23  Overseer x4  
Show
View Real Time Build Order
Export as new Build Order

Hindulaatti Terran - Winner!

Build Orders: Command Center First (CC), MMM Bio 

Get SALT Encoding   

  12  0:01  SCV  
  13  0:13  SCV  
  14  0:17  Supply Depot  
  14  0:26  SCV  
  15  0:41  SCV  
  16  0:53  SCV  
  17  1:01  Command Center  
  17  1:05  SCV  
  18  1:15  Barracks  
  18  1:18  SCV  
  19  1:34  Supply Depot, SCV  
  20  1:47  SCV  
  21  1:48  Refinery  
  21  1:50  Refinery  
  22  2:01  SCV  
  22  2:07  Barracks  
  22  2:08  Barracks  
  22  2:12  Marine  
  23  2:24  Orbital Command  
  23  2:42  Orbital Command  
  23  2:46  Barracks Reactor  
  23  2:55  Barracks Tech Lab, Barracks Reactor  
  23  3:02  Factory  
  23  3:13  SCV x2  
  23  3:15  Marine  
  26  3:23  Stimpack, Marine x2  
  26  3:25  SCV x2  
  30  3:33  Marine  
  31  3:35  Marine x2  
  31  3:37  SCV  
  31  3:38  SCV  
  31  3:41  Marine x2  
  35  3:46  Starport  
  37  3:49  Factory Tech Lab  
  37  3:51  Marine  
  37  3:53  Marine x2  
  40  3:57  SCV  
  40  3:58  SCV  
  40  3:59  Marine x2  
  44  4:06  Barracks  
  44  4:09  Marine  
  45  4:11  Marine  
  46  4:25  Supply Depot  
  46  4:26  Supply Depot  
  46  4:32  Starport Reactor  
  46  4:42  Supply Depot  
  46  4:43  Supply Depot  
  46  4:46  Widow Mine, Marine x4  
  46  4:47  SCV x2  
  46  4:48  Marine  
  55  4:58  Command Center  
  55  4:59  SCV x2, Barracks  
  57  5:04  Ghost Academy, Marine  
  57  5:06  Refinery  
  58  5:11  SCV x2  
  56  5:23  SCV x2  
  56  5:24  Viking  
  56  5:25  Medivac, Marine  
  56  5:26  Marine x2  
  63  5:39  SCV x2  
  63  5:41  Ghost  
  67  5:44  Siege Tank  
  67  5:46  Marine x2  
  67  5:47  Marine  
  73  5:55  SCV  
  73  5:56  SCV  
  75  5:59  Medivac  
  77  6:06  Marine  
  77  6:09  Combat Shields, Viking, Marine x3  
  77  6:10  Marine  
  84  6:24  Marine, SCV x2  
  87  6:35  Siege Tank  
  90  6:45  Refinery  
  90  6:47  Marine  
  90  6:48  Marine x2  
  90  6:52  Barracks  
  90  6:53  Barracks Reactor  
  93  6:55  Barracks  
  93  7:04  Orbital Command  
  93  7:13  Personal Cloaking  
  93  7:14  Barracks  
  93  7:15  Barracks  
  93  7:47  Engineering Bay  
  93  7:48  Engineering Bay  
  93  7:50  Barracks Reactor  
  93  7:51  Barracks Reactor  
  93  7:52  Orbital Command  
  93  8:07  Barracks Reactor x2  
  93  8:16  Missile Turret  
  93  8:18  Missile Turret  
  93  8:20  Missile Turret x2  
  93  8:35  Barracks Reactor  
  93  8:37  Missile Turret x2  
  93  8:39  Nuke  
  93  8:41  Refinery  
  93  8:46  Medivac x2, Marine x9, SCV  
  93  8:47  Marine x2, SCV x2  
  111  8:50  Missile Turret  
  111  8:54  Marine  
  111  8:55  Marine x3  
  115  8:58  SCV  
  115  8:59  SCV  
  117  9:04  Concussive Shells  
  117  9:09  Supply Depot, Marine x7, SCV  
  125  9:10  Supply Depot  
  125  9:13  Supply Depot  
  125  9:24  Marine, SCV x2  
  125  9:29  SCV  
  123  9:36  SCV  
  120  9:41  SCV  
  119  9:48  SCV  
  119  9:49  Marine  
  119  9:50  Marine x7  
  128  9:53  Refinery, SCV, Missile Turret  
  128  9:57  Ghost  
  131  10:01  Medivac x2  
  131  10:02  Terran Infantry Armor Level 1, Terran Infantry Weapons Level 1  
  135  10:09  Starport  
  135  10:10  Armory  
  135  10:13  Fusion Core  
  135  10:24  Marine x2  
  104  10:57  Nuke  
  93  11:02  SCV x2  
  93  11:03  SCV  
  96  11:08  Marine  
  96  11:09  Marine x16  
  113  11:14  SCV  
  113  11:15  SCV x2  
  116  11:26  Marine  
  116  11:27  Marine x4  
  116  11:31  Ghost  
  103  11:51  Marine  
  103  11:52  Marine x8  
  109  12:06  Medivac, Siege Tank  
  109  12:07  Medivac  
  113  12:24  Marine x9  
  113  12:25  Marine  
  113  12:26  Marine x2  
  125  12:44  Nuke  
  125  12:48  Starport Tech Lab  
  125  12:50  Terran Vehicle And Ship Armor Level 1, Terran Infantry Weapons Level 2  
  125  12:51  Terran Infantry Armor Level 2  
  121  13:07  SCV x3  
  121  13:09  Refinery  
  119  13:28  Marine  
  119  13:29  Marine x15  
  135  13:38  Ghost  
  137  13:47  Medivac  
  137  13:48  Medivac  
  141  13:53  High Capacity Fuel Tanks  
  141  14:10  Marine x7  
  148  14:41  Ghost  
  150  14:53  Marine x7  
  150  14:54  Marine  
  150  14:57  Marine x7  
  165  15:19  Marine x6  
  165  15:20  Supply Depot  
  173  15:21  Supply Depot  
Tags
 
Add a new tag
Caveats
  • Supply blocks, unpowered buildings, or Contaminate may cause inaccurate times.
  • Supply counts are checked every 10 seconds.